 Dungeon Crawl Stone Soup version 0.21.1-1-g345015f (webtiles) character file.

123 Insidiator the Ruffian (level 4, -5/44 HPs)
             Began as a Troll Monk on June 29, 2018.
             Slain by a gnoll
             ... wielding a +0 flail
              (10 damage)
             ... on level 3 of the Dungeon.
             The game lasted 00:12:05 (1792 turns).

Insidiator the Ruffian (Troll Monk)                 Turns: 1792, Time: 00:12:05

Health: -5/44      AC:  4    Str: 19    XL:     4   Next: 79%
Magic:  3/3        EV: 11    Int:  6    God:
Gold:   98         SH:  0    Dex: 13    Spells: 3/3 levels left

rFire    . . .     SeeInvis .     - Unarmed
rCold    . . .     Gourm    +   (no shield)
rNeg     . . .     Faith    +   k - -1 robe (curse)
rPois    .         Spirit   .   (helmet restricted)
rElec    .         Reflect  .   n - scarf {repulsion}
rCorr    .         Harm     .   (gloves unavailable)
MR       .....                  (boots unavailable)
Stlth    ++........             l - amulet of faith
HPRegen  0.54/turn              (no ring)
MPRegen  0.08/turn              (no ring)

@: repel missiles
A: large, unfitting armour, claws 3, fast metabolism 3, gourmand, regeneration
1, shaggy fur 1, tough skin 2
a: no special abilities


You were on level 3 of the Dungeon.
You were completely stuffed.

You visited 1 branch of the dungeon, and saw 3 of its levels.

You collected 98 gold pieces.

Inventory:

Armour
 a - a +0 robe
 e - a +0 robe
 k - a cursed -1 robe (worn)
 n - a scarf of repulsion (worn)
Jewellery
 i - an uncursed amulet of rage
 l - an amulet of faith (around neck)
Wands
 o - a wand of random effects (15)
Scrolls
 c - a scroll of enchant armour {unknown}
 h - a scroll of identify {unknown}
 j - a scroll of teleportation
 m - a scroll of fog {unknown}
Potions
 d - a potion of cancellation {unknown}
 f - 2 potions of might {unknown}
 g - a potion of resistance {unknown}
Comestibles
 b - 11 rations


   Skills:
 + Level 2.9 Fighting
 + Level 3.2 Dodging
 - Level 1.0 Stealth
 + Level 4.5 Unarmed Combat


You had 3 spell levels left.
You didn't know any spells.

Dungeon Overview and Level Annotations

Branches:
Dungeon (3/15)

Altars:
Trog


Innate Abilities, Weirdness & Mutations

You are too large for most types of armour.
You have claws for hands.
Your metabolism is lightning-fast.
You like to eat raw meat.
Your natural rate of healing is unusually fast.
You are covered in fur. (AC +1)
You have very tough skin. (AC +2)


Message History

The gnoll barely misses you.
You see here a gnoll corpse.
You scratch the gnoll but do no damage. The gnoll misses you.
You scratch the gnoll.
The gnoll is moderately wounded.
You closely miss the gnoll.
The gnoll is moderately wounded.
The gnoll barely misses you.
You barely miss the gnoll.
The gnoll is moderately wounded.
The gnoll hits you with a glaive!
* * * LOW HITPOINT WARNING * * *
You claw the gnoll!
You kill the gnoll!
The gnoll hits you with a flail.
* * * LOW HITPOINT WARNING * * *
You barely miss the gnoll. The gnoll hits you with a flail!
* * * LOW HITPOINT WARNING * * *
You completely miss the gnoll. The gnoll hits you with a flail!
You die...

#..........#
#........^.#
#..........#
##........##
##........##
#..........#
#..........#
#...)g.....#
#....@)....#
#..........#
##....)...##
##...<..##
########


You could see a gnoll.

Vanquished Creatures
  Terence (D:3)
  3 gnolls (D:3)
  An adder (D:3)
  2 dart slugs (D:1)
  A leopard gecko (D:1)
  5 bats
  3 giant cockroaches (D:1)
  3 goblins (D:1)
  6 hobgoblins
  2 jackals (D:2)
  A quokka (D:3)
  2 frilled lizards
  9 kobolds
  22 rats
  A plant (D:1)
62 creatures vanquished.

Notes
Turn   | Place    | Note
-------+----------+-------------------------------------------
     0 | D:1      | Insidiator the Troll Monk began the quest for the Orb.
     0 | D:1      | Reached XP level 1. HP: 22/22 MP: 0/0
   169 | D:1      | Reached XP level 2. HP: 26/29 MP: 1/1
   502 | D:1      | Reached XP level 3. HP: 36/36 MP: 2/2
  1196 | D:2      | Found a bloodstained altar of Trog.
  1703 | D:3      | Noticed Terence
  1715 | D:3      | Killed Terence
  1715 | D:3      | Reached skill level 4 in Unarmed Combat
  1715 | D:3      | Reached XP level 4. HP: 30/44 MP: 3/3
  1792 | D:3      | Slain by a gnoll

Skill      XL: |  1  2  3 |
---------------+----------+-----
Dodging        | 3 |  3.2
Unarmed Combat | 4 |  4.5
Fighting       | |  2.9
Stealth        | |  1.0

Action                   |  1- 3 |  4- 6 || total
-------------------------+-------+-------++-------
Melee: Unarmed           |   139 |    23 ||   162
       Punch             |     3 |       ||     3
  Use: Scroll            |     1 |       ||     1
 Stab: Sleeping          |     2 |       ||     2
  Eat: Chunk             |    21 |     1 ||    22
Armor: Robe              |    39 |     2 ||    41
Dodge: Dodged            |    98 |    21 ||   119
